 Dungeon Crawl Stone Soup version 0.31-a0-331-geda263fcf1 (webtiles) character file.

Game seed: 676745027145977999

99 LeprechaunX the Changeling (level 4, -1/30 HPs)
             Began as an Octopode Shapeshifter on July 20, 2023.
             Hit by a goblin thrown by Robin (2 damage)
             ... on level 3 of the Dungeon.
             The game lasted 00:01:54 (1988 turns).

LeprechaunX the Changeling (Octopode Shapeshifter)  Turns: 1988, Time: 00:01:55

Health: -1/30      AC:  1    Str: 22    XL:     4   Next: 72%
Magic:  4/4        EV: 13    Int: 10    God:
Gold:   119        SH:  0    Dex: 12    Spells: 3/3 levels left

rFire   . .          .
                       - Unarmed
rCold   . . .        (no shield)
rNeg    . . .        (helmet currently unavailable)
rPois   .            (no amulet)
rElec   .            i - +6 ring of strength
rCorr   .            (no ring)
SInv    .            (no ring)
Will    .....        (no ring)
Stlth   ++           (no ring)
HPRegen 0.25/turn    (no ring)
MPRegen 0.09/turn    (no ring)
                     (no ring)

%: no passive effects
@: beast-form
A: beast (slay +2), almost no armour, amphibious, 8 rings, camouflage 1,
gelatinous body 1, (nimble swimmer 1), tentacles
a: Begin Untransformation


You were on level 3 of the Dungeon.
You were a hulking beast.
You visited 1 branch of the dungeon, and saw 3 of its levels.

You collected 119 gold pieces.

Inventory:

Missiles
 c - 3 boomerangs (quivered)
Jewellery
 i - a +6 ring of strength (left tentacle)
Talismans
 b - a beast talisman
Scrolls
 d - a scroll of fear {unknown}
 e - a scroll of identify {unknown}
 h - a scroll of torment {unknown}
 j - a scroll of summoning {unknown}
 k - 3 scrolls of noise {unknown}
Potions
 a - a potion of lignification
 f - 3 potions of curing {unknown}
 g - a potion of magic {unknown}


   Skills:
 + Level 2.5 Fighting
 + Level 2.6 Dodging
 * Level 3.2 Unarmed Combat
 * Level 3.6 Shapeshifting


You had 3 spell levels left.
You didn't know any spells.
Your spell library contained the following spells:

 Spells                   Type           Power      Damage    Failure   Level
 Animate Dead             Necr           0%         N/A       98%         4
 Borgnjor's Vile Clutch   Necr/Erth      0%         N/A       100%        5
 Death Channel            Necr           0%         N/A       100%        6


Dungeon Overview and Level Annotations

Branches:
Dungeon (3/15)

Altars:
The Shining One

Annotations:
D:3 Robin


Innate Abilities, Weirdness & Mutations

You are a hulking beast.
Your limbs bulge with bestial killing power. (Slay +2)
You cannot wear most types of armour.
You are amphibious.
You can wear up to eight rings at the same time.
Your skin changes colour to match your surroundings (Stealth+).
Your rubbery body absorbs attacks. (AC +1, EV +1)
((You are camouflaged when in or above water. (Stealth+)))
You have tentacles for arms and can constrict up to eight enemies at once.


Message History

You see here a hobgoblin corpse.
Unknown command.
You are too injured to fight recklessly!
You are too injured to fight recklessly!
You are too injured to fight recklessly!
You closely miss the goblin. You grab the goblin. You constrict the goblin.
The goblin misses you.
You tentacle-slap the goblin.
You kill the goblin!
You miss the goblin. You grab the goblin. You constrict the goblin.
The goblin misses you.
You tentacle-slap the goblin.
The goblin is severely wounded.
You constrict the goblin.
You kill the goblin!
You closely miss the goblin. You grab the goblin. You constrict the goblin.
The goblin hits you with a +0 club.
You bludgeon the goblin!
You kill the goblin!
You tentacle-slap the goblin. You grab the goblin. You squeeze the goblin.
You kill the goblin!
You tentacle-slap the hobgoblin. Your grab misses the hobgoblin.
Your squeeze misses the hobgoblin.
The hobgoblin is heavily wounded.
The hobgoblin hits you with a +0 dagger.
* * * LOW HITPOINT WARNING * * *
You closely miss the hobgoblin. You grab the hobgoblin.
The hobgoblin is heavily wounded.
You constrict the hobgoblin. The hobgoblin barely misses you.
You tentacle-slap the hobgoblin.
You kill the hobgoblin!
You tentacle-slap the goblin.
You kill the goblin!
You swing at nothing.
The goblin shoots a sling bullet.
The sling bullet hits you.
* * * LOW HITPOINT WARNING * * *
You swing at nothing.
The goblin no longer looks unusually strong.
Robin throws the goblin at you!
You die...

..# ..# ..# #†# ### ##
#.# #.## #+# #.# #.#
#..## ##.## #..# #.##
#...###.#.# #g..#
#..#####....##.#.##.g..#
##.....#.....#.#h#)....#
#####........#.#g?g...#
##.........########
###########


You could see Robin and a goblin.

Vanquished Creatures
  An iguana (D:3)
  2 adders (D:2)
  8 endoplasms
  8 giant cockroaches
  11 goblins
  6 hobgoblins
  A quokka (D:1)
  2 ball pythons
  5 bats
  2 frilled lizards (D:2)
  2 kobolds
  3 rats
51 creatures vanquished.

Notes
Turn   | Place    | Note
-------+----------+-------------------------------------------
     0 | D:1      | LeprechaunX the Octopode Shapeshifter began the quest for
                  | the Orb.
     0 | D:1      | Reached XP level 1. HP: 14/14 MP: 1/1
   183 | D:1      | Reached XP level 2. HP: 19/19 MP: 2/2
   462 | D:1      | Found a faded altar of an unknown god.
   719 | D:2      | Reached XP level 3. HP: 21/24 MP: 3/3
  1861 | D:3      | Reached XP level 4. HP: 30/30 MP: 4/4
  1917 | D:3      | Found a glowing golden altar of the Shining One.
  1973 | D:3      | Noticed Robin
  1987 | D:3      | HP: 1/30 [goblin/sling bullet[Robin] (5)]
  1988 | D:3      | Hit by a goblin thrown by Robin

Illustrated notes

Levels and vault maps discovered:
D:1:      eino_arrival_tree_alley, layout_basic,
          shapermc_ecumenical_altar_mp_urbaneastern
D:2:      layout_basic
D:3:      layout_basic, mainiacjoe_overflow_concentric_impassable,
          nicolae_tso_carved_into_rock, lemuel_crystal_altar, wad_orctagon,
          uniq_robin

Skill      XL: |  1  2  3  4 |
---------------+-------------+-----
Unarmed Combat | 3 |  3.2
Fighting       | |  2.5
Dodging        | |  2.6
Shapeshifting  | |  3.6

Action                     |  1- 3 |  4- 6 || total
---------------------------+-------+-------++-------
  Melee: Unarmed           |    63 |    23 ||    86
         Tentacles         |    14 |     2 ||    16
         Constrict         |    16 |     9 ||    25
         Punch             |     1 |     1 ||     2
   Stab: Sleeping          |     9 |     2 ||    11
 Armour: Skin              |     7 |     2 ||     9
  Dodge: Dodged            |    25 |     7 ||    32

Table legend: (Time is in decaauts)
 A = Elapsed time spent in this place.
 B = Non-inter-level travel time spent in this place.
 C = Inter-level travel time spent in this place.
 D = Time resting spent in this place.
 E = Time spent auto-exploring this place.
 F = Levels seen in this place.
 G = Mean time per level.
                   A        B        C        D        E       F      G
               +--------+--------+--------+--------+--------+-----+--------+
         Total |   1982 |   1891 |     91 |      0 |   1631 |   3 |  660.7 |
       Dungeon |   1982 |   1891 |     91 |      0 |   1631 |   3 |  660.7 |
               +--------+--------+--------+--------+--------+-----+--------+

Top non-repeatable levels by time:
     D:2: 1144 daAuts
     D:1: 705 daAuts
     D:3: 131 daAuts
